 Dungeon Crawl Stone Soup version 0.28-a0-1429-gf3d713df7a (webtiles) character file.

Game seed: 8361837555446403637

6748 brmiller01 the Cleaver (level 10, -7/94 HPs)
             Began as a Minotaur Berserker on Jan 8, 2022.
             Was a Priest of Trog.
             Shot with an arrow by a centaur warrior (9 damage)
             ... on level 8 of the Dungeon.
             The game lasted 00:17:06 (9708 turns).

brmiller01 the Cleaver (Minotaur Berserker)         Turns: 9708, Time: 00:17:07

Health: -7/94      AC: 15    Str: 26    XL:     10   Next: 75%
Magic:  1/9        EV:  7    Int:  4    God:    Trog [***...]
Gold:   81         SH:  4    Dex: 10    Spells: 9/9 levels left

rFire   . . .      SeeInvis +   v - +1 hand axe (flame)
rCold   . . .      Faith    .   C - +0 buckler
rNeg    . . .      Spirit   .   h - +0 plate armour
rPois   .          Reflect  .   (helmet restricted)
rElec   .          Harm     .   (no cloak)
rCorr   .          Rampage  .   B - +0 pair of gloves {infuse}
Will    .....                   (no boots)
Stlth   ..........              (no amulet)
HPRegen 0.25/turn               u - ring of see invisible
MPRegen 0.11/turn               (no ring)

@: on berserk cooldown, slowed, very slow
A: horns 2, retaliatory headbutt
a: Renounce Religion, Berserk, Trog's Hand


You were on level 8 of the Dungeon.
You worshipped Trog.
Trog was most pleased with you.
You visited 1 branch of the dungeon, and saw 8 of its levels.

You collected 433 gold pieces.
You spent 352 gold pieces at shops.

Inventory:

Hand Weapons
 o - a +0 war axe
 v - a +1 hand axe of flaming (weapon)
Missiles
 c - 66 arrows
 m - 10 boomerangs
 p - 25 bolts
 s - 15 poisoned darts (quivered)
 t - 37 sling bullets
 A - 4 throwing nets
Armour
 h - a +0 plate armour (worn)
 B - a +0 pair of gloves of infusion (worn)
 C - a +0 buckler (worn)
Jewellery
 i - a ring of resist corrosion
 u - a ring of see invisible (left hand)
 E - an amulet of guardian spirit
Wands
 j - a wand of iceblast (14)
 l - a wand of polymorph (13)
 y - a wand of mindburst (4)
 F - a wand of charming (7)
Scrolls
 a - a scroll of amnesia {unknown}
 b - a scroll of fog {unknown}
 d - 5 scrolls of identify {unknown}
 f - 2 scrolls of enchant armour {unknown}
 q - a scroll of immolation {unknown}
 r - a scroll of vulnerability {unknown}
 x - a scroll of fear {unknown}
 D - a scroll of magic mapping {unknown}
Potions
 e - 3 potions of brilliance {unknown}
 g - 4 potions of curing
 k - a potion of lignification {unknown}
 n - 2 potions of invisibility {unknown}
 w - a potion of heal wounds {unknown}
 z - 2 potions of attraction {unknown}


   Skills:
 + Level 10.3 Fighting
 * Level 13.9 Axes
 + Level 10.0 Armour
 - Level 2.1 Dodging
 - Level 4.0 Shields


You had 9 spell levels left.
You didn't know any spells.
Your spell library was empty.

Dungeon Overview and Level Annotations

Branches:
Dungeon (8/15)             Temple (0/1) D:4
   Lair: D:8-11

Altars:
Cheibriados
Vehumet

Shops:
D:4 =   D:5 *   D:7 [

Annotations:
D:8 exclusion: orange crystal statue


Innate Abilities, Weirdness & Mutations

You have a pair of horns on your head.
You reflexively headbutt those who attack you in melee.


Message History

The cyan ugly thing shocks you!
* * * LOW HITPOINT WARNING * * *
You slash the cyan ugly thing! You burn the cyan ugly thing.
Your headbutt misses the cyan ugly thing.
The cyan ugly thing is almost dead.
You hit the cyan ugly thing. You burn the cyan ugly thing.
You kill the cyan ugly thing!
Trog accepts your kill.
The centaur warrior wields a +0 shortbow.
The centaur warrior shoots an arrow.
The arrow closely misses you.
Your Armour skill increases to level 10!
You are no longer berserk.
You are exhausted.
You feel yourself slow down.
The centaur warrior shoots an arrow.
The arrow hits you!
* * * LOW HITPOINT WARNING * * *
It was a potion of curing.
You feel better.
The centaur warrior unwields a +0 shortbow.
The centaur warrior hits you.
* * * LOW HITPOINT WARNING * * *
The centaur warrior kicks you but does no damage.
The centaur warrior hits you but does no damage.
The centaur warrior kicks you but does no damage.
The centaur warrior completely misses you.
You furiously retaliate!
You headbutt the centaur warrior.
The centaur warrior kicks you but does no damage.
The centaur warrior wields a +0 shortbow.
The centaur warrior shoots an arrow.
You block the arrow.
The centaur warrior unwields a +0 shortbow.
The centaur warrior hits you.
* * * LOW HITPOINT WARNING * * *
The centaur warrior kicks you but does no damage.
The centaur warrior hits you but does no damage.
The centaur warrior kicks you but does no damage.
The centaur warrior wields a +0 shortbow.
The centaur warrior shoots an arrow.
You block the arrow.
The centaur warrior shoots an arrow.
The arrow hits you.
* * * LOW HITPOINT WARNING * * *
The centaur warrior shoots an arrow.
The arrow hits you!
You die...

#..##..#).##...####### #.##.....#
..##..#.#..##........# #.......#.
###..#####..########.# ######.##.
.#..###.#.#..#⌠...⌠#.# #.##.
.#.###...###.#..#..#.# #....
.'#.#..8.[#.#'.###.#.# ###..
.#.###...###.#..#..#.# #..
##..###[###..#⌠...⌠#.## #..
###..#####..####@###..## #.#
.###..#.#..###.#.#.##..## #.#
..###..#..###.#.#.#.##..#######<#
...#########.#c#.#†#.##.........#
....# #.##.#.#.#.#.#.#.#######.#
....# #.##.#.#.#.#.##.# #.# ))..#
#)†#)#.#.#.#.#.# #.# ....#
#.##.#.#.#.#.##.# #.# ....#
#.##.#.#.#.#.#.#.# #.#


You could see a centaur warrior.

Vanquished Creatures
  Harold (D:7)
  A hydra (D:8)
  Pikel (D:7)
  An ugly thing (D:8)
  An unseen horror (D:8)
  A troll (D:8)
  A kobold demonologist (D:8)
  Grinder (D:5)
  A yak (D:8)
  Menkaure (D:7)
  2 water moccasins
  3 ice beasts
  3 orc warriors
  A black bear (D:8)
  A sky beast (D:6)
  4 necrophages
  3 ogres
  A centaur (D:8)
  A lemure (D:7)
  2 phantoms
  2 kobold brigands (D:8)
  A bullfrog (D:8)
  A scorpion (D:7)
  A wyvern zombie (D:8)
  5 killer bees (D:7)
  6 wights
  A howler monkey (D:6)
  2 lava snakes (D:8)
  A jelly (D:6)
  2 orc priests
  3 gnoll shamans
  2 iguanas
  Natasha (thrice) (D:3)
  8 orc wizards
  A scorpion zombie (D:5)
  A hound zombie (D:5)
  12 gnolls
  3 adders
  A shadow imp (D:6)
  2 white imps
  2 worms
  2 dart slugs (D:1)
  27 orcs
  9 endoplasms
  2 hobgoblins
  13 kobolds
  3 quokkas
  5 ball pythons
  5 bats
  A goblin (D:3)
  2 rats (D:1)
160 creatures vanquished.

Notes
Turn   | Place    | Note
-------+----------+-------------------------------------------
     0 | D:1      | brmiller01 the Minotaur Berserker began the quest for the
                  | Orb.
     0 | D:1      | Reached XP level 1. HP: 19/19 MP: 0/0
   460 | D:1      | Found a faded altar of an unknown god.
   468 | D:1      | Reached skill level 4 in Axes
   468 | D:1      | Reached XP level 2. HP: 25/27 MP: 1/1
   862 | D:2      | Found a snail-covered altar of Cheibriados.
  1015 | D:2      | Reached XP level 3. HP: 25/33 MP: 2/2
  1632 | D:3      | Noticed Natasha
  1640 | D:3      | Killed Natasha
  1641 | D:3      | Reached skill level 1 in Shields
  1651 | D:3      | Reached XP level 4. HP: 29/40 MP: 3/3
  1790 | D:3      | Found a radiant altar of Vehumet.
  1919 | D:3      | Reached ** piety under Trog
  2042 | D:3      | Reached skill level 5 in Axes
  2180 | D:3      | Noticed Natasha
  2188 | D:3      | Killed Natasha
  2189 | D:3      | Reached XP level 5. HP: 35/47 MP: 4/4
  2232 | D:3      | Noticed Natasha
  2248 | D:3      | Killed Natasha
  2812 | D:4      | Found Nasefabop's Jewellery Emporium.
  2868 | D:4      | Reached XP level 6. HP: 6/55 MP: 5/5
  2870 | D:4      | Reached skill level 6 in Axes
  3362 | D:4      | Found a staircase to the Ecumenical Temple.
  3389 | D:4      | Reached skill level 5 in Fighting
  3555 | D:5      | Entered Level 5 of the Dungeon
  3780 | D:5      | Noticed an ice beast
  3789 | D:5      | Killed an ice beast
  3790 | D:5      | Reached XP level 7. HP: 61/61 MP: 6/6
  3829 | D:5      | Reached skill level 7 in Axes
  4106 | D:5      | Found Cangeaj's Serpentskin Sales.
  4119 | D:5      | Reached skill level 5 in Armour
  4369 | D:4      | Bought a ring of see invisible for 180 gold pieces
  4570 | D:5      | Reached skill level 8 in Axes
  4634 | D:6      | Noticed Grinder
  4651 | D:5      | Killed Grinder
  4652 | D:5      | Reached XP level 8. HP: 28/71 MP: 7/7
  5138 | D:6      | Reached skill level 9 in Axes
  6011 | D:6      | Reached skill level 10 in Axes
  6079 | D:6      | Reached XP level 9. HP: 32/79 MP: 8/8
  6871 | D:7      | Noticed Menkaure
  6881 | D:7      | Killed Menkaure
  7246 | D:7      | Noticed Harold
  7260 | D:7      | Killed Harold
  7261 | D:7      | Reached skill level 11 in Axes
  7540 | D:7      | Found Lariw's Armour Boutique.
  7545 | D:7      | Bought a +0 pair of gloves of infusion for 172 gold pieces
  7758 | D:7      | Noticed Pikel
  7770 | D:7      | Killed Pikel
  7771 | D:7      | Reached skill level 12 in Axes
  8433 | D:8      | Noticed an orange crystal statue
  8681 | D:8      | Reached XP level 10. HP: 77/91 MP: 4/9
  8685 | D:8      | Reached *** piety under Trog
  9674 | D:8      | Noticed a six-headed hydra
  9674 | D:8      | Noticed a cyan ugly thing
  9674 | D:8      | Noticed a centaur warrior
  9681 | D:8      | Killed a three-headed hydra
  9682 | D:8      | Reached skill level 13 in Axes
  9685 | D:8      | Reached skill level 10 in Fighting
  9699 | D:8      | Killed a cyan ugly thing
  9700 | D:8      | Reached skill level 10 in Armour
  9700 | D:8      | HP: 1/94 [centaur warrior/arrow (7)]
  9707 | D:8      | HP: 2/94 [centaur warrior/arrow (5)]
  9708 | D:8      | Shot with an arrow by a centaur warrior

Illustrated notes

Levels and vault maps discovered:
D:1:      lightli_arrival_lavapool, layout_rooms, ebering_ecumenical_altar_webs
D:2:      minmay_general_purpose_star, layout_rooms, basic_altar,
          hangedman_decor_points, nrook_campfire, kennysheep_cross_bottleneck
D:3:      wad_pebble_path, layout_loops_ring, nicolae_vehumet_altar_sigil,
          grunt_ministairs_10, uniq_natasha
D:4:      layout_cave_pools, minmay_temple_entry_mist, serial_shops,
          nicolae_shop_waterfront
D:5:      layout_rooms, grunt_decor_mini_mirrors, guppyfry_shop_venom
D:6:      layout_basic, uniq_grinder
D:7:      layout_basic, serial_shops, shop, uniq_pikel, uniq_harold,
          uniq_menkaure
D:8:      minmay_the_grid_octo_tiled_squarecenter [minmay_the_grid_octo_empty,
          minmay_the_grid_octo_fat_diamond, minmay_the_grid_octo_checkered,
          minmay_the_grid_octo_thin_diamonds,
          minmay_the_grid_square_5x5_megaprize_checkered,
          minmay_the_grid_square_5x5_shrine2,
          minmay_the_grid_square_5x5_inner_z,
          minmay_the_grid_square_5x5_hourglass,
          minmay_the_grid_square_5x5_two_walls_b], layout_loops_ring,
          grunt_ministairs_1, solitary_fountain, disabler_island

Skill      XL: |  1  2  3  4  5  6  7  8  9 10 |
---------------+-------------------------------+-----
Axes           | 4 5 6 8 10 12 13 | 13.9
Fighting       | 4 5 6 7 9 10 | 10.3
Armour         | 3 4 5 7 8 10 | 10.0
Shields        | 1 2 3 4 |  4.0
Dodging        | |  2.1

Action                   |  1- 3 |  4- 6 |  7- 9 | 10-12 || total
-------------------------+-------+-------+-------+-------++-------
Melee: Hand axe          |    69 |    89 |       |    19 ||   177
       Headbutt          |     9 |    27 |    45 |    16 ||    97
       War axe           |       |    40 |   234 |    70 ||   344
       Punch             |       |     1 |     6 |       ||     7
Throw: Dart              |       |       |     9 |       ||     9
Invok: Berserk           |     1 |     2 |     7 |     1 ||    11
       Trog's Hand       |       |       |     4 |       ||     4
  Use: Potion            |       |       |       |     1 ||     1
Armor: Animal skin       |     3 |       |       |       ||     3
       Scale mail        |    10 |       |       |       ||    10
       Plate armour      |    15 |    78 |   158 |    38 ||   289
Dodge: Dodged            |    37 |    36 |    81 |    25 ||   179
Block: Buckler           |       |       |     1 |    17 ||    18

Table legend: (Time is in decaauts)
 A = Elapsed time spent in this place.
 B = Non-inter-level travel time spent in this place.
 C = Inter-level travel time spent in this place.
 D = Time resting spent in this place.
 E = Time spent auto-exploring this place.
 F = Levels seen in this place.
 G = Mean time per level.
                   A        B        C        D        E       F      G
               +--------+--------+--------+--------+--------+-----+--------+
         Total |   9814 |   9457 |    357 |   2532 |   5776 |   8 | 1226.8 |
       Dungeon |   9814 |   9457 |    357 |   2532 |   5776 |   8 | 1226.8 |
               +--------+--------+--------+--------+--------+-----+--------+

Top non-repeatable levels by time:
     D:6: 1648 daAuts
     D:7: 1528 daAuts
     D:5: 1507 daAuts
     D:8: 1496 daAuts
     D:3: 1039 daAuts
     D:4: 1009 daAuts
     D:1: 812 daAuts
     D:2: 771 daAuts
